 Dungeon Crawl Stone Soup version 0.29-a0-393-g47a863cc1b (webtiles) character file.

Game seed: 9950541177699443873

12 keithdok the Sneak (level 2, -15/16 HPs)
             Began as a Spriggan Delver on May 9, 2022.
             Demolished by an orc warrior
             ... wielding a +0 halberd
              (19 damage)
             ... on level 5 of the Dungeon.
             The game lasted 00:02:05 (93 turns).

keithdok the Sneak (Spriggan Delver)                  Turns: 93, Time: 00:02:05

Health: -15/16     AC:  2    Str:  8    XL:     2   Next: 20%
Magic:  3/3        EV: 17    Int: 11    God:
Gold:   0          SH:  0    Dex: 16    Spells: 1/1 levels left

rFire   . . .      SeeInvis +   a - +0 short sword
rCold   . . .      Faith    .   (no shield)
rNeg    . . .      Spirit   .   b - +0 robe
rPois   .          Reflect  .   (helmet restricted)
rElec   .          Harm     .   (no cloak)
rCorr   .          Rampage  .   (gloves unavailable)
Will    .....                   (boots unavailable)
Stlth   ++++......              (no amulet)
HPRegen 0.05/turn               (no ring)
MPRegen 0.08/turn               (no ring)

@: very quick
A: very small, no large weapons, unfitting armour, see invisible, speed 3
a: no special abilities


You were on level 5 of the Dungeon.
You visited 1 branch of the dungeon, and saw 1 of its levels.

Inventory:

Hand Weapons
 a - a +0 short sword (weapon)
Armour
 b - a +0 robe (worn)
 i - a +0 scale mail
Wands
 g - a wand of digging (3)
Scrolls
 c - a scroll of fog
 d - a scroll of magic mapping
 e - a scroll of fear
 h - a scroll of teleportation {unknown}
Potions
 f - a potion of haste


   Skills:
 + Level 2.5 Fighting
 + Level 2.2 Short Blades
 + Level 2.7 Dodging
 + Level 7.9 Stealth


You had one spell level left.
You didn't know any spells.
Your spell library was empty.

Dungeon Overview and Level Annotations

Branches:
Dungeon (5/15)
 Temple: D:4-7

Altars:

Portals:
Ossuary: D:5


Innate Abilities, Weirdness & Mutations

You are very small and have problems with some larger weapons.
You are too small for most types of armour.
You have supernaturally acute eyesight. (SInv)
You cover ground extremely quickly. (Speed+++)


Message History

Found a scale mail.
An orc priest comes into view. It is wielding a +0 falchion.
A phantom comes into view.
A phantom is nearby!
You see here a +0 scale mail.
i - a +0 scale mail This armour is too big for you!
The orc priest shouts!
An orc comes into view. It is wielding a +0 hand axe.
An orc priest comes into view. It is wielding a +0 dagger of draining.
The orc moves out of view.
An orc warrior comes into view. It is wielding a +0 halberd.
The orc warrior shouts!
You open the door.
A mummy comes into view.
You hear the slow hiss of an avalanche of sand.
The orc shouts!
Found a sand-covered staircase.
There is an open door here.
There is an open door here.
Unknown command.
You close the door.
An orc priest opens the door.
The helpless mummy fails to defend itself.
You impale the mummy!!
You destroy the mummy!
The orc priest casts a cantrip, but nothing happens.
You have reached level 2!
The orc warrior hits you with a +0 halberd!
Ouch! That really hurt!
* * * LOW HITPOINT WARNING * * *
You barely miss the orc warrior. You hit the orc priest.
The orc priest is moderately wounded.
The orc warrior completely misses you.
You hit the orc priest.
The orc priest is severely wounded.
The orc warrior hits you with a +0 halberd!!
Ouch! That really hurt!
You die...

...####.# #..............
#......## #..............
##......# #..............
#......#####...#.#.......
#........###..##..# .....
###............###..#......
..........##..##.#o........
..........#..##.o#.........
.........##.##∩.@'o..####..
........###..##.o#..##
>.......####..##.#..#
..>......####..###....
#..........###..##.....
##....####...#...#.......
#....## ###...#...#.....
#....# ##.............
..##.## ##...#.......


You could see an orc warrior, an orc priest and an orc.

Vanquished Creatures
  A mummy (D:5)
1 creature vanquished.

Notes
Turn   | Place    | Note
-------+----------+-------------------------------------------
     0 | D:5      | keithdok the Spriggan Delver began the quest for the Orb.
     0 | D:5      | Reached XP level 1. HP: 11/11 MP: 2/2
    50 | D:5      | Noticed an orc priest
    63 | D:5      | Noticed a phantom
    79 | D:5      | Noticed an orc priest
    80 | D:5      | Noticed an orc warrior
    82 | D:5      | Found a sand-covered staircase.
    90 | D:5      | Reached XP level 2. HP: 16/16 MP: 3/3
    93 | D:5      | Demolished by an orc warrior

Illustrated notes

Levels and vault maps discovered:
D:5:      layout_layer_cave, ebering_ghost_sewer_f, gup_ossuary_entry_pyramid

Action                   || total
-------------------------++-------
Melee: Short sword       ||     4
 Stab: Sleeping          ||     1
Dodge: Dodged            ||     1

Table legend: (Time is in decaauts)
 A = Elapsed time spent in this place.
 B = Non-inter-level travel time spent in this place.
 C = Inter-level travel time spent in this place.
 D = Time resting spent in this place.
 E = Time spent auto-exploring this place.
 F = Levels seen in this place.
 G = Mean time per level.
                   A        B        C        D        E       F      G
               +--------+--------+--------+--------+--------+-----+--------+
         Total |     58 |     53 |      5 |      0 |     35 |   1 |   58.0 |
       Dungeon |     58 |     53 |      5 |      0 |     35 |   1 |   58.0 |
               +--------+--------+--------+--------+--------+-----+--------+

Top non-repeatable levels by time:
     D:5: 58 daAuts
